Map: Romanticide LE

Players

Strange - Winner!

  • Race: Protoss Protoss
  • League: Master

goblin

  • Race: Protoss Protoss
  • League: Master

Event: DreamHack SC2 Masters 2021 Summer

VOD

Have the link to the VOD?

Description

Time

  • Played on: May 21, 2021, 12:32 p.m.
  • Length: 6:28

All games in this series

Show
View Real Time Build Order
Export as new Build Order

Strange Protoss - Winner!

Build Orders: Blink Stalkers 

Get SALT Encoding   

  12  0:00  Probe  
  13  0:12  Probe  
  14  0:17  Pylon  
  14  0:24  Probe (Chrono Boost)  
  16  0:36  Probe (Chrono Boost)  
  16  0:39  Gateway  
  16  0:43  Probe (Chrono Boost)  
  16  0:46  Assimilator  
  17  0:51  Probe  
  17  0:54  Assimilator  
  18  1:03  Probe (Chrono Boost)  
  19  1:07  Gateway  
  19  1:13  Probe (Chrono Boost)  
  19  1:18  Probe (Chrono Boost)  
  21  1:25  Cybernetics Core  
  21  1:29  Probe  
  22  1:35  Pylon  
  22  1:41  Probe  
  23  1:53  Probe  
  24  2:01  Stalker  
  24  2:02  Stalker, Warp Gate (Chrono Boost)  
  24  2:07  Pylon  
  28  2:20  Stargate  
  28  2:44  Pylon  
  28  2:46  Twilight Council  
  28  2:52  Nexus  
  28  3:01  Probe  
  29  3:13  Probe  
  29  3:16  Blink (Chrono Boost)  
  30  3:26  Probe  
  31  3:38  Probe  
  32  3:43  Stalker x2  
  32  3:44  Gateway  
  36  3:51  Gateway  
  35  4:07  Stalker x2  
  39  4:12  Probe x2  
  37  4:38  Stalker x2  
  39  4:40  Stalker  
  37  4:54  Stalker  
  37  4:57  Pylon  
  39  5:01  Stalker x2  
  39  5:05  Stalker  
  45  5:23  Stalker  
  45  5:25  Stalker x2  
  45  5:28  Stalker  
  43  5:51  Stalker  
  43  5:52  Stalker x3  
  47  6:00  Probe x2  
  47  6:12  Probe x2  
Show
View Real Time Build Order
Export as new Build Order

goblin Protoss 

Build Orders: Phoenix Opening 

Get SALT Encoding   

  12  0:00  Probe  
  13  0:12  Probe  
  14  0:17  Pylon  
  14  0:24  Probe (Chrono Boost)  
  16  0:36  Probe (Chrono Boost), Gateway  
  16  0:43  Probe (Chrono Boost)  
  16  0:46  Assimilator  
  17  0:50  Probe  
  17  0:54  Assimilator  
  18  1:03  Probe (Chrono Boost)  
  19  1:10  Gateway  
  20  1:12  Probe (Chrono Boost)  
  20  1:17  Probe (Chrono Boost)  
  20  1:25  Cybernetics Core  
  21  1:29  Probe  
  22  1:36  Pylon  
  22  1:41  Probe  
  23  1:54  Probe  
  23  2:01  Stargate  
  24  2:07  Stalker  
  26  2:09  Stalker  
  26  2:12  Warp Gate  
  28  2:20  Pylon  
  27  2:44  Phoenix (Chrono Boost)  
  27  2:47  Stalker  
  27  2:48  Stalker  
  33  3:06  Phoenix  
  35  3:20  Nexus  
  35  3:27  Pylon  
  35  3:36  Phoenix  
  37  3:43  Shield Battery  
  37  3:45  Probe (Chrono Boost)  
  39  3:57  Probe (Chrono Boost)  
  39  4:01  Phoenix  
  41  4:04  Probe  
  42  4:16  Probe  
  43  4:29  Probe (Chrono Boost), Phoenix  
  46  4:34  Probe (Chrono Boost)  
  45  4:41  Probe (Chrono Boost)  
  45  4:45  Probe (Chrono Boost)  
  47  4:50  Probe (Chrono Boost)  
  47  4:51  Probe (Chrono Boost)  
  49  4:54  Phoenix  
  49  4:59  Robotics Facility  
  51  5:01  Probe  
  51  5:02  Probe  
  53  5:08  Pylon  
  53  5:13  Probe, Stalker x2  
  53  5:14  Probe  
  57  5:19  Phoenix  
  57  5:26  Shield Battery  
  57  5:28  Probe  
  56  5:37  Stalker x2  
  50  5:53  Probe x2  
  47  6:04  Shield Battery  
  47  6:05  Probe, Shield Battery  
  47  6:06  Probe  
  47  6:09  Stalker x2  
Tags
 
Add a new tag
Caveats
  • Supply blocks, unpowered buildings, or Contaminate may cause inaccurate times.
  • Supply counts are checked every 10 seconds.